 Dungeon Crawl Stone Soup version 0.30-a0-881-g1ff12e1e11 (webtiles) character file.

Game seed: 7740804600070402126

251 Zenkrye the Poker (level 6, -2/47 HPs)
             Began as a Human Cinder Acolyte on Mar 14, 2023.
             Was a High Priest of Ignis.
             Slain by a sleepcap (4 damage)
             ... on level 3 of the Dungeon.
             The game lasted 00:05:10 (2379 turns).

Zenkrye the Poker (Human Cinder Acolyte)            Turns: 2379, Time: 00:05:11

Health: -2/47      AC:  6    Str: 17    XL:     6   Next: 36%
Magic:  4/7        EV:  9    Int: 14    God:    Ignis [*****.]
Gold:   78         SH:  0    Dex:  8    Spells: 5/7 levels left

rFire   + . .      SeeInvis .    a - -1 spear (flame)
rCold   . . .      Faith    .    (no shield)
rNeg    . . .      Spirit   .    j - +0 scale mail
rPois   +          Reflect  .    (no helmet)
rElec   .          Rampage  .    (no cloak)
rCorr   .                        (no gloves)
Will    .....                    (no boots) Stlth
                                 (no amulet)
HPRegen 0.27/turn                o - ring of poison resistance
MPRegen 0.10/turn                (no ring)

@: very slightly contaminated
A: no striking features
a: Renounce Religion, Fiery Armour, Foxfire Swarm, Rising Flame


You were on level 3 of the Dungeon.
You worshipped Ignis.
Ignis was extremely pleased with you.
You visited 1 branch of the dungeon, and saw 4 of its levels.

You collected 78 gold pieces.

Inventory:

Hand Weapons
 a - a -1 spear of flaming (weapon)
Armour
 b - a +0 robe
 e - a +0 ring mail
 j - a +0 scale mail (worn)
Jewellery
 o - a ring of poison resistance (left hand)
Wands
 d - a wand of charming (7)
Scrolls
 g - a scroll of teleportation {@r3}
Potions
 c - a potion of degeneration {unknown}
 f - a potion of flight {unknown}
 h - a potion of berserk rage {unknown}
 i - 2 potions of curing {unknown}
 k - 2 potions of heal wounds {unknown}
 l - a potion of brilliance {unknown}
 m - a potion of attraction {unknown}


   Skills:
 - Level 3.0 Fighting
 + Level 6.7 Polearms
 - Level 1.0 Spellcasting
 - Level 3.0 Fire Magic


You had 5 spell levels left.
You knew the following spells:

 Your Spells              Type           Power      Damage    Failure   Level
a - Scorch                Fire           18%        2d5       38%         2

Your spell library contained the following spells:

 Spells                   Type           Power      Damage    Failure   Level
 Blink                    Tloc           0%         N/A       82%         2
 Lesser Beckoning         Tloc           0%         N/A       82%         2
 Momentum Strike          Conj/Tloc      0%         3d8       82%         2
 Borgnjor's Revivificati  Necr           0%         N/A       100%        8
 Necromutation            Tmut/Necr      0%         N/A       100%        8
 Death's Door             Necr           0%         N/A       100%        9


Dungeon Overview and Level Annotations

Branches:
Dungeon (4/15)
 Temple: D:4-7

Altars:
Gozag


Message History

The sleepcap is moderately damaged.
You hit the sleepcap but do no damage.
The sleepcap is moderately damaged.
The sleepcap completely misses you.
You hit the sleepcap but do no damage.
The sleepcap is moderately damaged.
The sleepcap releases spores at you.
You are engulfed in a cloud of soporific spores!
You fall asleep.
The sleepcap releases spores at you!
You wake up.
You hit the sleepcap but do no damage.
The sleepcap is moderately damaged.
The sleepcap releases spores at you.
You are engulfed in a cloud of soporific spores!
You are unaffected.
You hit the sleepcap. You burn the sleepcap.
The sleepcap is moderately damaged.
The sleepcap releases spores at you!
You are too injured to fight recklessly!
You are too injured to fight recklessly!
You are too injured to fight recklessly!
You are too injured to fight recklessly!
You are too injured to fight recklessly!
You hit the sleepcap. You burn the sleepcap.
The sleepcap is heavily damaged.
You hit the sleepcap but do no damage.
The sleepcap is heavily damaged.
The sleepcap releases spores at you.
You are engulfed in a cloud of soporific spores!
You fall asleep.
The sleepcap releases spores at you!
You wake up.
* * * LOW HITPOINT WARNING * * *
You hit the sleepcap but do no damage.
The sleepcap is heavily damaged.
The sleepcap releases spores at you.
* * * LOW HITPOINT WARNING * * *
You hit the sleepcap. You burn the sleepcap.
The sleepcap is severely damaged.
The sleepcap releases spores at you.
You die...

...#.....#.#.#.#
.#....#....#.#.#####
.#.#.......#.#.....#
##.####...##.#.....#
...# #......#.)...#
'##########.##.#####
............##.(##
...#######.......####
....######......@f..#
'#.........#.....##.#
....######.#.##.....##
.#..#....#.#.##......#
.#..#.##.#.#.##.####.#
.##.#.##.#.#.....# #.#
.##.#......####### #.#
.##.####.###########.#
.##.# #.# #........#


You could see a sleepcap.

Vanquished Creatures
  2 jellies (D:4)
  An orc priest (D:3)
  An orc wizard (D:2)
  Terence (D:2)
  4 adders
  2 dart slugs
  7 orcs
  3 ball pythons
  9 bats
  10 endoplasms
  2 giant cockroaches
  7 hobgoblins
  4 quokkas
  6 frilled lizards
  3 goblins
  6 kobolds
  4 rats
72 creatures vanquished.

Notes
Turn   | Place    | Note
-------+----------+-------------------------------------------
     0 | D:1      | Zenkrye the Human Cinder Acolyte began the quest for the
                  | Orb.
     0 | D:1      | Reached XP level 1. HP: 18/18 MP: 2/2
   128 | D:1      | Reached XP level 2. HP: 22/24 MP: 3/3
   141 | D:1      | Learned a level 2 spell: Scorch
   181 | D:1      | Found a faded altar of an unknown god.
   384 | D:1      | Reached skill level 4 in Polearms
   384 | D:1      | Reached XP level 3. HP: 26/29 MP: 4/4
  1022 | D:2      | Reached XP level 4. HP: 34/35 MP: 5/5
  1092 | D:2      | Noticed Terence
  1104 | D:2      | Killed Terence
  1105 | D:2      | Reached skill level 5 in Polearms
  1205 | D:2      | Found an opulent altar of Gozag.
  1461 | D:3      | Reached XP level 5. HP: 29/41 MP: 6/6
  1867 | D:3      | Reached skill level 6 in Polearms
  1979 | D:3      | Reached XP level 6. HP: 46/47 MP: 7/7
  2378 | D:3      | HP: 1/47 [sleepcap (3)]
  2379 | D:3      | Slain by a sleepcap

Illustrated notes

Levels and vault maps discovered:
D:1:      dpeg_arrival_round_c, layout_rooms, serial_aquarium,
          aquarium_bridge_long_separate [aquarium_subvault_bridge,
          aquarium_subvault_window, aquarium_subvault_bridge,
          aquarium_subvault_bridge, aquarium_subvault_bridge,
          aquarium_subvault_wall], aquarium_window_fake,
          aquarium_window_corridor_1, aquarium_view_2c, aquarium_balcony_3b,
          ebering_ecumenical_altar_box, kennysheep_pointless_box,
          kennysheep_crisscross
D:2:      layout_rooms, basic_altar, uniq_terence
D:3:      layout_basic, st_stairs_8
D:4:      layout_loops_ring, minmay_temple_entry_trees

Skill      XL: |  1  2  3  4  5 |
---------------+----------------+-----
Polearms       | 4 5 6 |  6.7
Fighting       | |  3.0
Spellcasting   | |  1.0
Fire Magic     | |  3.0

Action                     |  1- 3 |  4- 6 || total
---------------------------+-------+-------++-------
  Melee: Spear             |   142 |   142 ||   284
   Cast: Scorch            |       |     7 ||     7
    Use: Scroll            |     2 |     2 ||     4
 Armour: Robe              |     9 |       ||     9
         Ring mail         |    29 |    13 ||    42
         Scale mail        |       |    19 ||    19
  Dodge: Dodged            |    45 |    41 ||    86

Table legend: (Time is in decaauts)
 A = Elapsed time spent in this place.
 B = Non-inter-level travel time spent in this place.
 C = Inter-level travel time spent in this place.
 D = Time resting spent in this place.
 E = Time spent auto-exploring this place.
 F = Levels seen in this place.
 G = Mean time per level.
                   A        B        C        D        E       F      G
               +--------+--------+--------+--------+--------+-----+--------+
         Total |   2340 |   2327 |     13 |    237 |   1565 |   4 |  585.0 |
       Dungeon |   2340 |   2327 |     13 |    237 |   1565 |   4 |  585.0 |
               +--------+--------+--------+--------+--------+-----+--------+

Top non-repeatable levels by time:
     D:1: 845 daAuts
     D:3: 644 daAuts
     D:2: 636 daAuts
     D:4: 214 daAuts
